 Dungeon Crawl Stone Soup version 0.17.1-3-g152610e (webtiles) character file.

1887 Charly the Insei (level 8, -9/60 HPs)
             Began as a Demonspawn Transmuter on Apr 23, 2016.
             Was a Priest of Cheibriados.
             Killed from afar by Erica (15 damage)
             ... with an orb of energy
             ... on level 9 of the Dungeon.
             The game lasted 00:35:05 (1907 turns).

Charly the Insei (Demonspawn Transmuter)            Turns: 1907, Time: 00:35:05

Health: -9/60      AC: 12    Str: 18      XL:     8   Next: 92%
Magic:  0/11       EV:  7    Int: 24      God:    Cheibriados [***...]
Gold:   205        SH:  0    Dex: 17 (20) Spells: 4 memorised, 0 levels left

rFire  . . .     SeeInvis +       - Unarmed
rCold  . . .     Clarity  .     b - +0 plate armour
rNeg   . . .     SustAt   .     (no shield)
rPois  .         Gourm    .     (no helmet)
rElec  .         Spirit   +     (no cloak)
rCorr  .         Warding  .     (no gloves)
rMut   .         Stasis   .     e - +0 pair of boots
MR     .....                    q - amulet of inaccuracy (curse)
Stlth  ..........               w - ring of wizardry
                                h - ring of see invisible

@: very slow, not resistant to hostile enchantments, extremely unstealthy
A: sense surroundings 1, spiny 1, magic shield, magic regeneration
a: Bend Time, Temporal Distortion, Renounce Religion


You were on level 9 of the Dungeon.
You worshipped Cheibriados.
Cheibriados was most pleased with you.
You were not hungry.

You visited 2 branches of the dungeon, and saw 10 of its levels.

You collected 205 gold pieces.

Inventory:

Hand Weapons
 k - the +5 war axe of Qazlal's Hatred {freeze, rF- rC+ SInv}
   (You found it on level 7 of the Dungeon)

   It has been specially enchanted to freeze those struck by it, causing extra
   injury to most foes and up to half again as much damage against particularly
   susceptible opponents.
   It can also slow down cold-blooded creatures.
   It makes you vulnerable to fire.
   It protects you from cold.
   It lets you see invisible.
Missiles
 a - 51 arrows
 l - 18 arrows of frost
Armour
 b - a +0 plate armour (worn)
 e - a +0 pair of boots (worn)
Magical Staves
 s - an uncursed staff of power
Jewellery
 h - a ring of see invisible (left hand)
 q - a cursed amulet of inaccuracy (around neck)
 w - a ring of wizardry (right hand)
Wands
 o - a wand of polymorph (0)
Potions
 g - 3 potions of curing
 i - a potion of brilliance
Books
 c - a book of Changes

   Spells                             Type                      Level
   a - Beastly Appendage              Transmutation                1
   b - Sticks to Snakes               Transmutation                2
   c - Spider Form                    Transmutation/Poison         3
   d - Ice Form                       Ice/Transmutation            4
   e - Blade Hands                    Transmutation                5
 f - a book of Summonings

   Spells                             Type                      Level
   a - Recall                         Summoning/Translocation      3
   b - Aura of Abjuration             Summoning                    5
   c - Shadow Creatures               Summoning                    5
   d - Summon Demon                   Summoning                    5
   e - Summon Forest                  Summoning/Translocation      5
   f - Summon Mana Viper              Hexes/Summoning              5
Comestibles
 d - 3 bread rations
 j - a meat ration


   Skills:
 - Level 3.7 Fighting
 - Level 2.8 Armour
 - Level 3.9 Dodging
 - Level 7.7 Unarmed Combat
 - Level 2.0 Spellcasting
 + Level 5.2 Transmutations


You couldn't memorise any spells.
You knew the following spells:

 Your Spells              Type           Power        Failure   Level  Hunger
b - Beastly Appendage     Trmt           ####..       34%         1    #......
h - Blade Hands           Trmt           ####......   100%        5    ######.
s - Sticks to Snakes      Trmt           ####......   54%         2    ##.....
S - Spider Form           Trmt/Pois      ###.......   99%         3    ###....


Dungeon Overview and Level Annotations

Branches:
Dungeon (9/15)             Temple (1/1) D:4
   Lair: D:8-11         Orc: D:9-12

Altars:
Ashenzari
Cheibriados
Dithmenos
Elyvilon
Fedhas
Gozag
Kikubaaqudgha
Makhleb
Nemelex Xobeh
Okawaru
Qazlal
Ru
Sif Muna
Trog
Vehumet
Xom
Yredelemnul
The Shining One

Shops:
D:5 (

Annotations:
D:9 Erica


Innate Abilities, Weirdness & Mutations

You are partially covered in sharp spines.
When hurt, damage is shared between your health and your magic reserves.
You regenerate magic rapidly.
You passively map a small area around you.


Message History

It was a potion of magic.
Magic courses through your body.
Erica shouts!
The centaur wields a shortbow.
The centaur shoots an arrow of flame.
The arrow of flame hits you but does no damage.
The arrow of flame burns you.
* * * LOW HITPOINT WARNING * * *
The orc wizard gestures at you while chanting.
The magic dart hits you!
* * * LOW HITPOINT WARNING * * *
The centaur shoots an arrow of flame.
The arrow of flame hits you.
* * * LOW HITPOINT WARNING * * *
The arrow of flame burns you.
* * * LOW HITPOINT WARNING * * *
Drink which item? (? for menu, Esc to quit)
It was a potion of degeneration.
There was something very wrong with that liquid.
You feel clumsy. Erica casts a spell at you. The orb of energy hits you!
You die...

, ** , , .............
......c..@..## ,
.............# ,
......<...#.# ,
(..........##
..o.......$.# ,, ,
...........# * , ,
.......@..#** * .# * ,
,...o..o....#* .
............... . ## ,
..............., #.###.
................###.#...
........../......#......
.......l..#....>#.......
...........#.#.#........
, >.......<


You could see Erica, a wyvern, a centaur, an orc wizard and 2 orcs.

Vanquished Creatures
  A hungry ghost (D:7)
  An orc warrior (D:6)
  2 ogres (D:7)
  A sky beast (D:7)
  A centaur (D:8)
  4 giant frogs
  A water moccasin zombie (D:6)
  A wyvern zombie (D:9)
  5 wights
  3 hounds
  A jelly (D:9)
  2 giant frog skeletons
  3 orc priests
  A centaur skeleton (D:8)
  2 orc wizards (D:7)
  2 iguanas (D:7)
  2 worker ants
  A sheep (D:7)
  A hound skeleton (D:6)
  15 gnolls
  7 adders
  2 oozes
  3 adder skeletons (D:7)
  18 orcs
  3 bats (D:1)
  2 giant cockroaches
  5 goblins
  2 jackals (D:4)
  2 kobolds
  2 ball pythons (D:1)
  A giant gecko skeleton (D:6)
  A giant newt (D:7)
  A jackal skeleton (D:5)
  4 rats
103 creatures vanquished.

Notes
Turn   | Place    | Note
--------------------------------------------------------------
     0 | D:1      | Charly the Demonspawn Transmuter began the quest for the Orb.
     0 | D:1      | Reached XP level 1. HP: 15/15 MP: 3/3
   127 | D:1      | Reached skill level 3 in Unarmed Combat
   131 | D:1      | Gained mutation: You are partially covered in sharp spines. [demonic ancestry]
   131 | D:1      | Reached XP level 2. HP: 19/21 MP: 3/5
   160 | D:1      | Learned a level 2 spell: Sticks to Snakes
   186 | D:2      | 10/10
   293 | D:1      | Reached XP level 3. HP: 18/26 MP: 6/6
   298 | D:1      | Learned a level 3 spell: Spider Form
   367 | D:2      | Found a stormy altar of Qazlal.
   367 | D:2      | Found a bloodstained altar of Trog.
   385 | D:2      | ROLL D2
   460 | D:5      | Entered Level 5 of the Dungeon
   569 | D:4      | Found a staircase to the Ecumenical Temple.
   573 | Temple   | Entered the Ecumenical Temple
   593 | Temple   | Became a worshipper of Cheibriados the Contemplative
   720 | D:5      | Gained mutation: When hurt, damage is shared between your health and your magic reserves. [demonic ancestry]
   720 | D:5      | Reached XP level 4. HP: 8/32 MP: 7/7
   733 | D:5      | Reached skill level 4 in Unarmed Combat
   762 | D:5      | Gained mutation: You regenerate magic rapidly. [demonic ancestry]
   762 | D:5      | Reached XP level 5. HP: 21/37 MP: 4/8
   837 | D:5      | Found Gumeomod's Weapon Shop.
   887 | D:6      | Identified the Papyrus of the Quantum Frostbite (You found it on level 6 of the Dungeon)
   917 | D:6      | Noticed a giant frog
   920 | D:6      | Killed a giant frog
   920 | D:6      | Reached skill level 5 in Unarmed Combat
  1010 | D:6      | Reached XP level 6. HP: 33/43 MP: 6/9
  1039 | D:6      | Reached * piety under Cheibriados
  1188 | D:6      | Noticed an orc warrior
  1200 | D:6      | Killed an orc warrior
  1206 | D:7      | Reached skill level 6 in Unarmed Combat
  1206 | D:7      | Reached XP level 7. HP: 11/49 MP: 1/10
  1253 | D:7      | Noticed a sky beast
  1381 | D:7      | Killed a sky beast
  1381 | D:7      | Reached skill level 1 in Armour
  1388 | D:7      | Noticed a hungry ghost
  1407 | D:7      | Killed a hungry ghost
  1418 | D:7      | Gained mutation: You passively map a small area around you. [mutagenic meat]
  1432 | D:7      | Noticed an ogre
  1444 | D:7      | Killed an ogre
  1444 | D:7      | Reached XP level 8. HP: 11/58 MP: 6/11
  1446 | D:7      | Reached skill level 7 in Unarmed Combat
  1470 | D:7      | Noticed an ogre
  1473 | D:7      | Killed an ogre
  1478 | D:7      | Reached ** piety under Cheibriados
  1487 | D:7      | Got a slimy war axe
  1542 | D:7      | Identified the +5 war axe of Qazlal's Hatred {freeze, rF- rC+ SInv} (You found it on level 7 of the Dungeon)
  1639 | D:8      | Found a blossoming altar of Fedhas.
  1758 | D:8      | Reached *** piety under Cheibriados
  1864 | D:9      | Reached skill level 5 in Transmutations
  1877 | D:9      | Learned a level 5 spell: Blade Hands
  1906 | D:9      | Noticed Erica
  1907 | D:9      | Killed from afar by Erica

Action                   |  1- 3 |  4- 6 |  7- 9 || total
-------------------------+-------+-------+-------++-------
Melee: Unarmed           |    53 |    73 |   163 ||   289
 Cast: Beastly Appendage |     5 |       |       ||     5
       Sticks to Snakes  |     1 |       |       ||     1
       Spider Form       |       |     1 |       ||     1
Evoke: Wand              |       |       |     3 ||     3
  Use: Scroll            |     4 |     2 |     5 ||    11
       Potion            |       |     2 |     4 ||     6
 Stab: Sleeping          |     1 |       |       ||     1
       Invisible         |       |       |     4 ||     4
  Eat: Pizza             |       |     1 |       ||     1
       Meat ration       |       |       |     1 ||     1
       Chunk             |       |       |     1 ||     1
       Beef jerky        |       |       |     1 ||     1
